 Dungeon Crawl Stone Soup version 0.30-a0-881-g1ff12e1e11 (webtiles) character file.

Game seed: 12029274408869129594

35760 cforsyth the Warrior (level 13, -1/231 HPs)
             Began as an Ogre Cinder Acolyte on Mar 15, 2023.
             Was a High Priest of Ignis.
             Slain by a dream sheep (10 damage)
             ... on level 4 of the Lair of Beasts.
             The game lasted 00:37:10 (22728 turns).

cforsyth the Warrior (Ogre Cinder Acolyte)         Turns: 22728, Time: 00:37:10

Health: -1/231     AC:  8    Str: 23    XL:     13   Next: 85%
Magic:  26/26      EV: 10    Int: 17    God:    Ignis [*****.]
Gold:   1066       SH:  0    Dex:  4    Spells: 29/31 levels left

rFire   + + .      SeeInvis .    z - +2 glaive (flame)
rCold   . . .      Faith    .    (shield currently unavailable)
rNeg    + . .      Spirit   .    e - +1 robe of Untold Secrets {rN+ Will- rCorr Slay+3}
rPois   .          Reflect  .    (helmet restricted)
rElec   .          Rampage  .    (no cloak)
rCorr   +                        (gloves unavailable)
Will    .....                    (boots unavailable) Stlth
                                 (no amulet)
HPRegen 0.58/turn                t - ring of protection from fire
MPRegen 0.20/turn                j - +4 ring of protection

@: berserking (expiring), very quick
A: large, unfitting armour, tough skin 1
a: Renounce Religion, Fiery Armour, Foxfire Swarm


You were on level 4 of the Lair of Beasts.
You worshipped Ignis.
Ignis was extremely pleased with you.
You visited 2 branches of the dungeon, and saw 16 of its levels.
You also visited: Sewer, Bailey and Volcano.

You collected 1098 gold pieces.
You spent 32 gold pieces at shops.

Inventory:

Hand Weapons
 a - a -1 hand axe of flaming
 x - the +5 glaive of the Guard {elec, spectral, AC+5}
   (You found it in a bailey)

   AC:        It affects your AC (+5).
 z - a +2 glaive of flaming (weapon)
 B - a +4 spear
 C - a +6 hand axe of freezing
Missiles
 l - 3 throwing nets (quivered)
Armour
 b - a +1 robe
 e - the +1 robe of Untold Secrets (worn) {rN+ Will- rCorr Slay+3}
   (You found it on level 5 of the Dungeon)

   Slay:      It affects your accuracy & damage with ranged weapons and melee
   (+3).
   rN:        It protects you from negative energy.
   rCorr:     It protects you from acid and corrosion.
   Will:      It decreases your willpower.
Jewellery
 h - a +5 ring of evasion
 j - a +4 ring of protection (right hand)
 k - a +6 ring of strength
 t - a ring of protection from fire (left hand)
 v - a ring of resist corrosion
 y - a ring of wizardry
 G - a ring of flight
 I - a ring of protection from fire
 P - a +6 ring of intelligence
Wands
 A - a wand of mindburst (33)
 D - a wand of iceblast (8)
 H - a wand of polymorph (13)
 K - a wand of paralysis (3)
 M - a wand of acid (7)
Scrolls
 f - 9 scrolls of fog
 g - 3 scrolls of enchant weapon
 s - 5 scrolls of enchant armour
 J - a scroll of brand weapon
 N - 2 scrolls of poison
 Q - a scroll of magic mapping {unknown}
 R - a scroll of fear
 S - 2 scrolls of teleportation
 T - 2 scrolls of identify
Potions
 c - 6 potions of curing
 d - 2 potions of lignification
 i - 5 potions of resistance
 m - 2 potions of heal wounds
 n - 4 potions of brilliance
 o - 3 potions of mutation
 p - a potion of might
 q - 3 potions of magic
 r - 2 potions of berserk rage
 u - 4 potions of haste
 w - a potion of invisibility {unknown}
 E - 8 potions of ambrosia
 F - 8 potions of flight
 L - a potion of attraction {unknown}
 O - 2 potions of cancellation {unknown}


   Skills:
 + Level 16.6 Fighting
 - Level 8.1(10.4) Axes
 + Level 10.3(11.5) Polearms
 + Level 8.4 Dodging
 - Level 9.7 Spellcasting
 - Level 8.6 Fire Magic


You had 29 spell levels left.
You knew the following spells:

 Your Spells              Type           Power      Damage    Failure   Level
a - Scorch                Fire           74%        2d9       1%          2

Your spell library contained the following spells:

 Spells                   Type           Power      Damage    Failure   Level
 Slow                     Hex            32%        N/A       9%          1
 Ensorcelled Hibernation  Hex/Ice        16%        N/A       13%         2
 Passwall                 Tmut/Erth      6%         N/A       13%         2
 Static Discharge         Conj/Air       16%        2-3/arc   13%         2
 Sublimation of Blood     Necr           8%         N/A       13%         2
 Wereblood                Tmut           8%         N/A       13%         2
 Call Canine Familiar     Summ           8%         N/A       26%         3
 Confusing Touch          Hex            8%         N/A       26%         3
 Portal Projectile        Hex/Tloc       16%        N/A       26%         3
 Spider Form              Tmut/Pois      8%         N/A       26%         3
 Swiftness                Air            8%         N/A       26%         3
 Vampiric Draining        Necr           8%         2d6       26%         3
 Vhi's Electric Charge    Tloc/Air       16%        N/A       26%         3
 Anguish                  Hex/Necr       4%         N/A       65%         4
 Leda's Liquefaction      Hex/Erth       4%         N/A       65%         4
 Passage of Golubria      Tloc           8%         N/A       65%         4
 Arcjolt                  Conj/Air       4%         1d14      94%         5
 Lightning Bolt           Conj/Air       4%         1d15      94%         5
 Silence                  Hex/Air        4%         N/A       94%         5
 Summon Hydra             Summ           4%         N/A       100%        7
 Lehudib's Crystal Spear  Conj/Erth      4%         10d3      100%        8
 Maxwell's Capacitive Co  Air            4%         ∞         100%        8


Dungeon Overview and Level Annotations

Branches:
Dungeon (12/15)            Temple (0/1) D:5            Lair (4/5) D:9
  Swamp (0/4) Lair:3       Spider (0/4) Lair:3        Slime (0/5) Lair:4
    Orc (0/2) D:9           Sewer (visited)          Bailey (visited)
Volcano (visited)

Altars:
Ashenzari
Fedhas
Hepliaklqana
Kikubaaqudgha
Makhleb
Okawaru
Qazlal
Yredelemnul
The Shining One
Jiyva

Shops:
D:7 *   D:9 (*

Annotations:
D:7 2 transporters, Hubjo's ghost, novice DsNe
D:12 3 runed translucent doors, jimonade's ghost, journeyman DjWr
Lair:2 3 runed translucent doors, Lideoroe's ghost, journeyman TrFi


Innate Abilities, Weirdness & Mutations

You are too large for most types of armour.
You have tough skin. (AC +1)


Message History

You kill the dream sheep!
The dream sheep bites you but does no damage. x2
Reach: z) +2 glaive (flame)
Press: ? - help, Dir - move target, f/p - jelly
Aim: a jelly (about 9% to evade your +2 glaive of flaming)
You slice the jelly!! You burn the jelly.
You kill the jelly!
The dream sheep bites you.
* * * LOW HITPOINT WARNING * * *
The dream sheep bites you but does no damage.
Unknown command.
Unknown command.
Reach: z) +2 glaive (flame)
Press: ? - help, Dir - move target, f - komodo dragon
Aim: a komodo dragon (about 27% to evade your +2 glaive of flaming)
You completely miss the komodo dragon. The dream sheep bites you!
* * * LOW HITPOINT WARNING * * *
The dream sheep bites you!
* * * LOW HITPOINT WARNING * * *
The komodo dragon bites you!
* * * LOW HITPOINT WARNING * * *
Reach: z) +2 glaive (flame)
Press: ? - help, Dir - move target, f/p - komodo dragon
Aim: a komodo dragon (about 27% to evade your +2 glaive of flaming)
Okay, then.
Reach: z) +2 glaive (flame)
Press: ? - help, Dir - move target, f/p - komodo dragon
Aim: a komodo dragon (about 27% to evade your +2 glaive of flaming)
You open the komodo dragon like a pillowcase!!!
You burn the komodo dragon!
You kill the komodo dragon!
Unknown command.
Unknown command.
Reach: z) +2 glaive (flame)
Press: ? - help, Dir - move target, f - dream sheep
Aim: a dream sheep (almost dead, about 33% to evade your +2 glaive of flaming)
You slash the dream sheep! You burn the dream sheep.
You kill the dream sheep!
The dream sheep bites you!
You die...

..........
..>..... #
.._.... #.
##...#. ##..
.....#
#...###....##.#
#.....Y†Y....#
#.##.PP.#.@#
#.........P##
.+..........#
............#
#.........#......
#.......###....(
#.......#.###..+
#........# ##.
#..###.###


You could see 2 dream sheep.

Vanquished Creatures
  Harold (D:10)
  3 hydras
  3 two-headed ogres
  2 boulder beetles (D:12)
  4 death yaks
  2 hell hogs (Volcano)
  Pikel (D:8)
  3 salamanders (Volcano)
  2 oklob plants (Lair:2)
  Joseph (D:7)
  A gargoyle (D:12)
  8 cane toads
  4 komodo dragons
  An unseen horror (D:12)
  A kobold demonologist (D:9)
  3 rime drakes
  A polar bear (Lair:3)
  3 trolls
  A queen bee (Lair:1)
  A hornet (D:10)
  2 tyrant leeches (Lair:3)
  4 dream sheep (Lair:4)
  5 blink frogs (Lair:2)
  Prince Ribbit (D:7)
  4 jumping spiders (Lair:3)
  A wraith (D:10)
  3 slime creatures (Lair:4)
  A shadow (D:11)
  Eustachio (D:5)
  A culicivora (Lair:3)
  2 vampires (D:12)
  A wyvern (D:9)
  2 fire bats (Volcano)
  25 yaks
  Grum (D:9)
  A basilisk (Lair:3)
  3 vampire mosquitoes (D:12)
  A redback (Lair:3)
  2 swamp worms (Lair:3)
  5 water moccasins
  2 acid dragons
  10 orc warriors
  2 sky beasts (D:8)
  3 black bears
  An ogre (D:6)
  10 wolves
  4 centaurs
  4 lemures
  15 kobold brigands
  2 gnoll sergeants
  18 bullfrogs
  8 scorpions
  32 killer bees
  5 howler monkeys
  4 jellies
  6 hounds
  5 orc priests
  Jessica (D:3)
  A sleepcap (D:8)
  3 iguanas
  7 orc wizards
  Robin (D:4)
  8 gnolls
  11 adders
  5 river rats (Sewer)
  3 white imps
  3 ufetubi
  4 worms
  2 dart slugs
  31 orcs
  13 ball pythons
  6 endoplasms
  6 giant cockroaches
  14 goblins
  6 hobgoblins
  14 jackals
  34 kobolds
  2 quokkas
  8 bats
  A frilled lizard (D:2)
  25 rats
452 creatures vanquished.

Vanquished Creatures (others)
  Maurice (D:11)
  13 fungi
  16 plants
30 creatures vanquished.

Grand Total: 482 creatures vanquished

Notes
Turn   | Place    | Note
-------+----------+-------------------------------------------
     0 | D:1      | cforsyth the Ogre Cinder Acolyte began the quest for the
                  | Orb.
     0 | D:1      | Reached XP level 1. HP: 24/24 MP: 2/2
    78 | D:1      | Reached XP level 2. HP: 28/32 MP: 2/4
   896 | D:1      | Reached XP level 3. HP: 32/34 MP: 5/5
  2097 | D:3      | Reached XP level 4. HP: 30/45 MP: 7/7
  2864 | D:3      | Noticed Jessica
  2866 | D:3      | Killed Jessica
  3271 | D:4      | Reached skill level 5 in Fighting
  3271 | D:4      | Reached XP level 5. HP: 32/57 MP: 7/9
  3581 | D:4      | Noticed Robin
  3589 | D:4      | Killed Robin
  3722 | D:4      | Reached XP level 6. HP: 31/66 MP: 10/10
  4284 | D:4      | Found a glowing golden altar of the Shining One.
  4363 | D:5      | Entered Level 5 of the Dungeon
  4481 | D:5      | Reached skill level 6 in Fighting
  4483 | D:5      | Found a burning altar of Makhleb.
  4512 | D:5      | Reached XP level 7. HP: 58/75 MP: 12/12
  4516 | D:5      | Noticed Eustachio
  4563 | D:5      | Killed Eustachio
  4576 | D:5      | Identified the +1 robe of Untold Secrets {rN+ Will- rCorr
                  | Slay+3}
  4599 | D:5      | Reached skill level 5 in Axes
  4693 | D:5      | Found a glowing drain.
  4712 | Sewer    | Entered a sewer
  5484 | Sewer    | Reached XP level 8. HP: 82/84 MP: 15/15
  5545 | Sewer    | Reached skill level 7 in Fighting
  5547 | Sewer    | Reached skill level 5 in Spellcasting
  5696 | D:5      | Found a staircase to the Ecumenical Temple.
  5742 | D:5      | Reached skill level 5 in Fire Magic
  5868 | D:5      | Found an iron altar of Okawaru.
  5904 | D:5      | Found a hazy altar of Hepliaklqana.
  6467 | D:6      | Reached skill level 8 in Fighting
  6854 | D:7      | Found Igojosaefo's Fire Supplies.
  6888 | D:7      | Reached XP level 9. HP: 91/96 MP: 18/18
  7098 | D:7      | Noticed Joseph
  7114 | D:7      | Killed Joseph
  7333 | D:7      | Found an ancient bone altar of Kikubaaqudgha.
  7377 | D:7      | Found a broken altar of Ashenzari.
  7425 | D:7      | Reached skill level 9 in Fighting
  7585 | D:7      | Found a transporter.
  7589 | D:7      | Noticed Hubjo's ghost (novice DsNe)
  7589 | D:7      | Noticed a gargoyle
  7602 | D:7      | Found a transporter.
  7625 | D:7      | Noticed Prince Ribbit
  7635 | D:7      | Killed Prince Ribbit
  7861 | D:8      | Noticed Pikel
  7981 | D:8      | Killed Pikel
  8007 | D:8      | Reached XP level 10. HP: 72/110 MP: 21/21
  8007 | D:8      | Found a stormy altar of Qazlal.
  8103 | D:8      | Reached skill level 10 in Fighting
  8129 | D:8      | Found a flagged portal.
  8153 | Bailey   | Entered a bailey
  8836 | Bailey   | Found the +5 glaive of the Guard {elec, spectral, AC+5}
 10036 | D:8      | Reached skill level 1 in Polearms
 10102 | D:9      | Noticed a kobold demonologist
 10108 | D:9      | Killed a kobold demonologist
 10212 | D:9      | Found a staircase to the Lair.
 10238 | D:9      | Reached skill level 11 in Fighting
 10306 | D:9      | Noticed Grum
 10429 | D:10     | Entered Level 10 of the Dungeon
 11747 | D:9      | Found Diphesov's Assorted Antiques.
 11756 | D:9      | Bought a scroll labelled GEUCVU GYTZOHIA for 32 gold pieces
 11901 | D:9      | Found a staircase to the Orcish Mines.
 11906 | D:9      | Reached XP level 11. HP: 109/120 MP: 24/24
 11914 | D:9      | Killed Grum
 11915 | D:9      | Found Peicuipuff's Weapon Shoppe.
 12184 | D:9      | Found a basalt altar of Yredelemnul.
 12379 | D:10     | Noticed a two-headed ogre
 12385 | D:10     | Killed a two-headed ogre
 12938 | D:10     | Paralysed by a hornet for 2 turns
 13185 | D:10     | Noticed Harold
 13197 | D:10     | Killed Harold
 13198 | D:10     | Reached skill level 12 in Fighting
 14000 | D:10     | Learned a level 2 spell: Scorch
 14330 | D:11     | Noticed a two-headed ogre
 14333 | D:11     | Killed a two-headed ogre
 14334 | D:11     | Reached skill level 5 in Polearms
 14334 | D:11     | Reached skill level 1 in Dodging
 14493 | D:11     | Noticed Maurice
 14502 | D:11     | Killed Maurice
 15726 | D:12     | Noticed a boulder beetle
 15729 | D:12     | Noticed a boulder beetle
 15739 | D:12     | Killed a boulder beetle
 15740 | D:12     | Reached skill level 13 in Fighting
 15740 | D:12     | Killed a boulder beetle
 15741 | D:12     | Reached XP level 12. HP: 42/136 MP: 25/25
 16211 | D:12     | Found a runed translucent gate.
 16211 | D:12     | Noticed an azure jelly
 16212 | D:12     | Found a runed translucent gate.
 16212 | D:12     | Found a runed translucent gate.
 16212 | D:12     | Noticed a great orb of eyes
 16212 | D:12     | Noticed an acid blob
 16212 | D:12     | Noticed an azure jelly
 16213 | D:12     | Noticed an acid blob
 16220 | D:12     | Noticed an acid blob
 16220 | D:12     | Noticed jimonade's ghost (journeyman DjWr)
 16220 | D:12     | Noticed an acid blob
 16220 | D:12     | Noticed an azure jelly
 16221 | D:12     | Noticed a rockslime
 16221 | D:12     | Noticed an azure jelly
 16221 | D:12     | Noticed an azure jelly
 16228 | D:12     | Found a viscous altar of Jiyva.
 16341 | Lair:1   | Entered Level 1 of the Lair of Beasts
 17511 | Lair:1   | Reached skill level 14 in Fighting
 17511 | Lair:1   | Reached skill level 5 in Dodging
 18522 | Lair:2   | Found a dark tunnel.
 18673 | Volcano  | Entered a volcano
 18750 | Volcano  | Noticed a hell hog
 18750 | Volcano  | Noticed a two-headed ogre
 18752 | Volcano  | Killed a hell hog
 18757 | Volcano  | Killed a two-headed ogre
 19066 | Volcano  | Noticed a hell hog
 19076 | Volcano  | Killed a hell hog
 19077 | Volcano  | Reached skill level 15 in Fighting
 19417 | Lair:2   | Reached XP level 13. HP: 149/149 MP: 26/26
 19684 | Lair:2   | Noticed a minotaur
 19698 | Lair:2   | Found a runed translucent gate.
 19698 | Lair:2   | Found a runed translucent gate.
 19698 | Lair:2   | Found a runed translucent gate.
 20057 | Lair:2   | Found a blossoming altar of Fedhas.
 20225 | Lair:2   | Noticed Lideoroe's ghost (journeyman TrFi)
 20753 | Lair:3   | Found a hole to the Spider Nest.
 21488 | Lair:3   | Reached skill level 16 in Fighting
 22034 | Lair:3   | Reached skill level 10 in Polearms
 22112 | Lair:3   | Found a staircase to the Swamp.
 22703 | Lair:4   | Found a viscous altar of Jiyva.
 22705 | Lair:4   | Found a staircase to the Slime Pits.
 22726 | Lair:4   | HP: 8/231 [komodo dragon (15)]
 22728 | Lair:4   | Slain by a dream sheep

Illustrated notes

Levels and vault maps discovered:
D:1:      giann_wishing_wells, layout_loops_corners, minmay_heptomino_d4
D:2:      layout_basic, serial_glass, glass_columns_c, glass_columns_b,
          glass_columns_a, glass_columns_a
D:3:      layout_basic, uniq_jessica
D:4:      layout_loops_ring, general_overflow_altar, kennysheep_cluttered_room,
          uniq_robin
D:5:      layout_gridville, hellmonk_okawaru_the_only_friend_you_need,
          mainiacjoe_overflow_surrounded_room, nzn_hepliaklqana_mist_gate,
          minmay_temple_entry_glass, portal_sewer_entry_a, uniq_eustachio
D:6:      layout_cave_pods
D:7:      layout_loops_ring, mainiacjoe_overflow_boulevard,
          mainiacjoe_overflow_concentric_impassable, gammafunk_ghost_arena,
          nicolae_shop_fire_sale [nicolae_sub_dead_trees], st_stairs_8,
          uniq_joseph, uniq_prince_ribbit1
D:8:      layout_cave_pools, nicolae_qazlal_general_emergency, enter_bailey_2,
          uniq_pikel
D:9:      layout_roguey [special_room_kobold], mainiacjoe_overflow_alcove_4,
          dpeg_oklobed_lair, orc_david_3, serial_shops, shop, uniq_grum
D:10:     layout_roguey, serial_corexii_hall, corexii_hall_statues_l,
          chequers_hall_statues_y, chequers_hall_statues_wall_a,
          corexii_hall_statues_x, corexii_hall_statues_x,
          corexii_hall_statues_i, uniq_harold
D:11:     layout_layer_cave, uniq_maurice
D:12:     layout_rooms, gammafunk_ghost_ooze
Lair:1:   layout_cave_shapes, special_room [special_room_bee]
Lair:2:   layout_long_grid, nicolae_volcano_entry_two_sided,
          maelrawn_ghost_gauntlet_escape, hangedman_tree_tricks,
          serial_bayou_shore_a
Lair:3:   layout_regular_city, minmay_swamp_entry_worms,
          nicolae_spider_entry_tight_spaces, minivault_25
Lair:4:   layout_roguey, minmay_slime_entry_pillars

Skill      XL: |  1  2  3  4  5  6  7  8  9 10 11 12 13 |
---------------+----------------------------------------+-----
Fire Magic     | 3 4 5 6 8 |  8.6
Spellcasting   | 2 3 4 6 7 9 |  9.7
Fighting       | 5 6 8 9 11 13 15 16 | 16.6
Axes           | 4 5 6 7 8 |  8.1
Polearms       | 3 6 8 10 | 10.3
Dodging        | 3 6 8 |  8.4

Action                     |  1- 3 |  4- 6 |  7- 9 | 10-12 | 13-15 || total
---------------------------+-------+-------+-------+-------+-------++-------
  Melee: Hand axe          |   137 |   203 |   361 |   229 |       ||   930
         Punch             |     1 |       |     1 |     3 |       ||     5
         Glaive            |       |       |       |   211 |   147 ||   358
 Invoke: Fiery Armour      |       |     1 |       |       |       ||     1
         Rising Flame      |       |       |       |       |     1 ||     1
    Use: Scroll            |       |    12 |     7 |    10 |       ||    29
         Potion            |       |     1 |     1 |     7 |     1 ||    10
   Stab: Distracted        |       |       |       |     1 |       ||     1
 Armour: Robe              |    68 |    92 |   123 |   230 |    84 ||   597
  Dodge: Dodged            |    82 |   132 |   301 |   271 |    68 ||   854

Table legend: (Time is in decaauts)
 A = Elapsed time spent in this place.
 B = Non-inter-level travel time spent in this place.
 C = Inter-level travel time spent in this place.
 D = Time resting spent in this place.
 E = Time spent auto-exploring this place.
 F = Levels seen in this place.
 G = Mean time per level.
                   A        B        C        D        E       F      G
               +--------+--------+--------+--------+--------+-----+--------+
         Total |  22889 |  22385 |    504 |   7092 |  11409 |  19 | 1204.7 |
       Dungeon |  15537 |  15111 |    426 |   4193 |   8664 |  12 | 1294.8 |
          Lair |   4908 |   4830 |     78 |   1456 |   2639 |   4 | 1227.0 |
         Sewer |    866 |    866 |      0 |    508 |     29 |   1 |  866.0 |
        Bailey |    860 |    860 |      0 |    505 |      3 |   1 |  860.0 |
       Volcano |    715 |    715 |      0 |    430 |     74 |   1 |  715.0 |
               +--------+--------+--------+--------+--------+-----+--------+

Top non-repeatable levels by time:
     D:9: 2878 daAuts
     D:8: 2042 daAuts
  Lair:2: 1799 daAuts
  Lair:3: 1549 daAuts
  Lair:1: 1385 daAuts
    D:11: 1379 daAuts
    D:10: 1310 daAuts
     D:3: 1171 daAuts
     D:4: 1147 daAuts
     D:1: 1104 daAuts
     D:6: 1103 daAuts
     D:2: 973 daAuts
   Sewer: 866 daAuts
     D:7: 863 daAuts
  Bailey: 860 daAuts
